 Dungeon Crawl Stone Soup version 0.29.1-1-gd02db6906a (webtiles) character file.

Game seed: 1621183799144368007

145 funnyparkerb the Slasher (level 5, -3/41 HPs)
             Began as a Merfolk Monk on Oct 20, 2022.
             Slain by Crazy Yiuf
             ... wielding a +2 quarterstaff of chaos
              (6 damage)
             ... on level 3 of the Dungeon.
             The game lasted 00:03:45 (2941 turns).

funnyparkerb the Slasher (Merfolk Monk)             Turns: 2941, Time: 00:03:46

Health: -3/41      AC: 10    Str: 11    XL:     5   Next: 27%
Magic:  5/5        EV: 16    Int:  9    God:
Gold:   124        SH:  0    Dex: 19    Spells: 4/4 levels left

rFire   + . .      SeeInvis .   a - +0 falchion
rCold   + + .      Faith    .   (no shield)
rNeg    . . .      Spirit   .   p - +4 ring mail of the Beggar {Will+}
rPois   .          Reflect  .   (no helmet)
rElec   .          Harm     .   e - scarf {rC+ rF+}
rCorr   .          Rampage  .   (no gloves)
Will    +....      Rage     3%  (no boots)
Stlth   ..........              (no amulet)
HPRegen 0.13/turn               g - +4 ring of evasion
MPRegen 0.09/turn               n - ring of protection from cold

@: confused, mighty, brilliant, lethally poisoned (-3 -> -11), ambrosia-drunk
A: (nimble swimmer 2), mertail, berserk 1, mutation resistance 1, shaggy fur 1
a: no special abilities


You were on level 3 of the Dungeon.
You visited 1 branch of the dungeon, and saw 3 of its levels.

You collected 124 gold pieces.

Inventory:

Hand Weapons
 a - a +0 falchion (weapon)
Armour
 e - a scarf of resistance (worn)
 p - the +4 ring mail of the Beggar (worn) {Will+}
   (You took it off a goblin on level 2 of the Dungeon)

   Will:      It increases your willpower.
Jewellery
 g - a +4 ring of evasion (left hand)
 n - a ring of protection from cold (right hand)
Scrolls
 b - 3 scrolls of identify {unknown}
 f - a scroll of brand weapon {unknown}
 h - a scroll of enchant armour {unknown}
 i - a scroll of magic mapping {unknown}
 j - a scroll of noise {unknown}
 k - 2 scrolls of teleportation {unknown}
 l - 2 scrolls of torment {unknown}
 m - a scroll of summoning {unknown}
 r - a scroll of acquirement {unknown}
 t - a scroll of immolation {unknown}
Potions
 c - 3 potions of ambrosia
 d - a potion of mutation
 o - a potion of might {unknown}
 u - a potion of heal wounds {unknown}


   Skills:
 + Level 3.3 Fighting
 - Level 7.0 Long Blades
 * Level 0.0 Armour
 + Level 4.0 Dodging
 - Level 2.1 Stealth


You had 4 spell levels left.
You didn't know any spells.
Your spell library contained the following spells:

 Spells                   Type           Power      Damage    Failure   Level
 Foxfire                  Conj/Fire      0%         2x1d4     69%         1
 Conjure Flame            Conj/Fire      0%         6-21      96%         3
 Inner Flame              Hex/Fire       0%         N/A       96%         3
 Ozocubu's Armour         Ice            0%         N/A       96%         3
 Flame Wave               Conj/Fire      0%         2d4       100%        4
 Metabolic Englaciation   Hex/Ice        0%         N/A       100%        5
 Simulacrum               Ice/Necr       0%         N/A       100%        6


Dungeon Overview and Level Annotations

Branches:
Dungeon (3/15)

Altars:
Wu Jian

Annotations:
D:3 Crazy Yiuf


Innate Abilities, Weirdness & Mutations

((You are very nimble when in or above water. (Stealth+, EV+, Speed+++)))
Your lower body shifts to a powerful aquatic tail in water.
You sometimes lose your temper in combat.
You are somewhat resistant to further mutation.
You are covered in fur. (AC +1)


Message History

Crazy Yiuf hits you with a +2 quarterstaff of chaos.
You are poisoned.
You hit Crazy Yiuf.
Crazy Yiuf is almost dead.
You feel sick.
Crazy Yiuf hits you with a +2 quarterstaff of chaos!
You are lethally poisoned!
You hit Crazy Yiuf but do no damage. You punch Crazy Yiuf, but do no damage.
Crazy Yiuf is almost dead.
* * * LOW HITPOINT WARNING * * *
You feel very sick.
Crazy Yiuf says, "Goldfish head high!"
Crazy Yiuf hits you with a +2 quarterstaff of chaos.
* * * LOW HITPOINT WARNING * * *
You barely miss Crazy Yiuf.
Crazy Yiuf is almost dead.
* * * LOW HITPOINT WARNING * * *
You feel very sick.
Crazy Yiuf grits, "Cards bag unthinkable!"
Crazy Yiuf closely misses you.
You are confused.
You feel invigorated.
* * * LOW HITPOINT WARNING * * *
You feel very sick. Crazy Yiuf barely misses you.
It was a potion of mutation.
You feel extremely strange. Fur sprouts all over your body.
You feel a little pissed off.
You feel genetically stable.
* * * LOW HITPOINT WARNING * * *
You feel very sick.
Crazy Yiuf grits, "Peeping broken mumblescurry!"
Crazy Yiuf hits you with a +2 quarterstaff of chaos.
* * * LOW HITPOINT WARNING * * *
You feel very mighty all of a sudden.
It was a potion of brilliance.
You feel clever all of a sudden.
* * * LOW HITPOINT WARNING * * *
You feel very sick.
Crazy Yiuf hits you with a +2 quarterstaff of chaos.
You die...

###♣♣♣♣♣
##....♣.♣♣♣ ###
##))....♣..♣#...#
##....♣)♣♣♣♣@g..(#
#.....)♣♣ ♣♣#..)#
#.####♣♣ ###
#####.### ........#
#####...###########
#.#.##........# ###
#.#.##...>....#
..###.#.##........#


You could see Crazy Yiuf.

Vanquished Creatures
  An orc wizard (D:3)
  4 adders
  2 worms
  2 dart slugs
  5 orcs (D:3)
  6 endoplasms
  4 giant cockroaches
  9 goblins
  4 hobgoblins
  3 jackals (D:1)
  5 quokkas
  2 ball pythons (D:3)
  2 bats (D:2)
  2 frilled lizards (D:2)
  5 kobolds
  6 rats
62 creatures vanquished.

Notes
Turn   | Place    | Note
-------+----------+-------------------------------------------
     0 | D:1      | funnyparkerb the Merfolk Monk began the quest for the Orb.
     0 | D:1      | Reached XP level 1. HP: 18/18 MP: 1/1
   278 | D:1      | Reached skill level 4 in Long Blades
   295 | D:1      | Reached XP level 2. HP: 24/24 MP: 2/2
   619 | D:1      | Reached XP level 3. HP: 29/29 MP: 3/3
  1177 | D:2      | Reached skill level 5 in Long Blades
  1522 | D:2      | Found a faded altar of an unknown god.
  1588 | D:2      | Reached XP level 4. HP: 31/35 MP: 4/4
  1634 | D:2      | Identified the +4 ring mail of the Beggar {Will+}
  1813 | D:2      | Reached skill level 6 in Long Blades
  2037 | D:3      | Reached XP level 5. HP: 28/41 MP: 5/5
  2494 | D:3      | Reached skill level 7 in Long Blades
  2691 | D:3      | Found a runed translucent door.
  2692 | D:3      | Noticed Crazy Yiuf
  2840 | D:3      | Found an ornate altar of the Wu Jian Council.
  2938 | D:3      | HP: 2/41 [poisoned by Crazy Yiuf]
  2940 | D:3      | Gained mutation: You are covered in fur. (AC +1) [potion of
                  | mutation]
  2940 | D:3      | Gained mutation: You sometimes lose your temper in combat.
                  | [potion of mutation]
  2940 | D:3      | Gained mutation: You are somewhat resistant to further
                  | mutation. [potion of mutation]
  2941 | D:3      | Slain by Crazy Yiuf

Illustrated notes

Levels and vault maps discovered:
D:1:      amcnicky_arrival_blooded_trapdoor, layout_basic,
          kennysheep_nondescript
D:2:      layout_basic, ebering_ecumenical_altar_rust
D:3:      layout_rooms, nicolae_wu_jian_immortal_techniques,
          serial_bayou_crossing, uniq_crazy_yiuf_cottage

Skill      XL: |  1  2  3  4  5 |
---------------+----------------+-----
Long Blades    | 4 5 6 7 |  7.0
Fighting       | |  3.3
Dodging        | |  4.0
Stealth        | |  2.1

Action                   |  1- 3 |  4- 6 || total
-------------------------+-------+-------++-------
Melee: Falchion          |   101 |   121 ||   222
       Punch             |       |     1 ||     1
Throw: Dart              |       |     2 ||     2
  Use: Potion            |       |     3 ||     3
 Stab: Sleeping          |     7 |     3 ||    10
       Invisible         |       |     1 ||     1
Armor: Leather armour    |    10 |       ||    10
       Ring mail         |     7 |    19 ||    26
Dodge: Dodged            |    74 |    93 ||   167
